 Dungeon Crawl Stone Soup version 0.25-b1-46-gb8a1ec05df (webtiles) character file.

Game seed: 8479268158052972918

181540 nightchill the Earth Mage (level 17, -6/112 HPs)
             Began as a Gargoyle Earth Elementalist on June 8, 2020.
             Was the Champion of Okawaru.
             Mangled by a spark wasp (7 damage)
             ... on level 3 of the Spider Nest on June 11, 2020.
             The game lasted 03:40:06 (56138 turns).

nightchill the Earth Mage (GrEE)                   Turns: 56138, Time: 03:40:07

Health: -6/112     AC: 27    Str: 12 (15) XL:     17   Next: 95%
Magic:  34/42      EV: 11    Int: 20      God:    Okawaru [******]
Gold:   2245       SH:  5    Dex: 10      Spells: 10/40 levels left

rFire    + . .     SeeInvis .   C - +1 demon blade (vamp)
rCold    . . .     Gourm    .   Y - +0 buckler
rNeg     + . .     Faith    .   J - +0 swamp dragon scales
rPois    ∞         Spirit   .   z - +2 hat
rElec    +         Reflect  .   O - scarf {repulsion}
rCorr    .         Harm     .   V - +1 pair of gloves
MR       +....                  g - +0 pair of boots
Stlth    +.........             F - amulet of the acrobat
HPRegen  0.28/turn              x - ring of magical power
MPRegen  0.28/turn              L - ring of protection from fire

@: flying, repel missiles
A: big wings, negative energy resistance 1, electricity resistance, unbreathing,
petrification resistance, rot immunity, AC +12
}: 1/15 runes: decaying
a: Stop Flying, Heroism, Finesse, Renounce Religion


You were on level 3 of the Spider Nest.
You worshipped Okawaru.
Okawaru was exalted by your worship.
You were not hungry.

You visited 6 branches of the dungeon, and saw 30 of its levels.
You also visited: Ossuary.

You collected 2570 gold pieces.
You spent 325 gold pieces at shops.

Inventory:

Hand Weapons
 a - a +2 dagger of electrocution
 b - a +1 dagger of venom
 A - the +4 falchion of Indomitability {vorpal, rElec rPois rC- SInv}
   (You found it on level 4 of the Swamp)

   It inflicts extra damage upon your enemies.
   It makes you vulnerable to cold.
   It insulates you from electricity.
   It protects you from poison.
   It lets you see invisible.
 C - a +1 vampiric demon blade (weapon)
 D - a +4 quick blade
Missiles
 j - 21 javelins (quivered)
 r - 8 curare-tipped darts
 I - 599 stones
Armour
 g - a +0 pair of boots (worn)
 z - a +2 hat (worn)
 J - +0 swamp dragon scales (worn)
 O - a scarf of repulsion (worn)
 V - a +1 pair of gloves (worn)
 Y - a +0 buckler (worn)
Jewellery
 c - an uncursed ring of resist corrosion
 e - an uncursed ring of fire
 u - an uncursed ring of protection from fire
 x - a ring of magical power (left hand)
 E - an uncursed ring of protection from magic
 F - an amulet of the acrobat (around neck)
 L - a ring of protection from fire (right hand)
 S - an uncursed ring of see invisible
Wands
 f - a wand of flame (22)
 l - a wand of polymorph (16)
 o - a wand of digging (8)
 s - a wand of iceblast (36)
 v - a wand of enslavement (26)
 G - a wand of acid (11)
 M - a wand of disintegration (42)
 T - a wand of clouds (8)
 X - a wand of paralysis (7)
Scrolls
 h - a scroll of vulnerability
 y - a scroll of blinking
 B - 2 scrolls of fear
 K - 8 scrolls of remove curse
 P - 5 scrolls of teleportation
 Q - 2 scrolls of enchant armour
 U - a scroll of amnesia
 W - a scroll of identify
Potions
 i - 17 potions of curing
 k - a potion of cancellation
 m - 5 potions of magic
 n - 9 potions of stabbing
 p - 2 potions of resistance
 q - 9 potions of haste
 t - 3 potions of heal wounds
 H - 6 potions of brilliance
 N - 6 potions of might
 R - 4 potions of lignification
Miscellaneous
 w - 3 boxes of beasts
Comestibles
 d - 12 rations


   Skills:
 + Level 14.3 Fighting
 - Level 10.0(11.2) Short Blades
 * Level 8.5(10.5) Long Blades
 + Level 7.6 Armour
 - Level 3.5 Dodging
 - Level 2.1 Stealth
 + Level 5.0 Shields
 + Level 12.4 Spellcasting
 - Level 12.4 Conjurations
 - Level 0.7 Transmutations
 - Level 7.0 Fire Magic
 - Level 15.4 Earth Magic
 - Level 8.0 Invocations


You had 10 spell levels left.
You knew the following spells:

 Your Spells              Type           Power        Failure   Level  Hunger
a - Sandblast             Erth           ######       1%          1    None
b - Stone Arrow           Conj/Erth      ######       1%          3    None
c - Lee's Rapid Deconstr  Erth           ######....   1%          5    ####...
d - Petrify               Tmut/Erth      #####...     3%          4    #......
e - Inner Flame           Hex/Fire       ####....     8%          3    None
f - Dazzling Flash        Conj/Hex       #####.       2%          3    None
g - Bolt of Magma         Conj/Fire/Erth ######....   2%          5    ####...
h - Iron Shot             Conj/Erth      ######....   5%          6    ######.

Your spell library contained the following spells:

 Spells                   Type           Power        Failure   Level  Hunger
 Foxfire                  Conj/Fire      ####         1%          1    None
 Magic Dart               Conj           ####         1%          1    None
 Shock                    Conj/Air       ####         1%          1    None
 Passwall                 Tmut/Erth      #####...     1%          2    None
 Searing Ray              Conj           ######       1%          2    None
 Conjure Flame            Conj/Fire      ######..     1%          3    None
 Sticky Flame             Conj/Fire      ######..     1%          4    #......
 Static Discharge         Conj/Air       #####...     2%          3    None
 Fireball                 Conj/Fire      ######....   5%          5    ####...
 Mephitic Cloud           Conj/Pois/Air  ####....     6%          3    None
 Beastly Appendage        Tmut           ###...       8%          1    None
 Fulminant Prism          Conj/Hex       #####.....   9%          4    #......
 Iskenderun's Mystic Bla  Conj/Tloc      #####...     9%          4    #......
 Sting                    Tmut/Pois      ##..         10%         1    None
 Animate Skeleton         Necr           N/A          11%         1    None
 Apportation              Tloc           ##....       11%         1    None
 Corona                   Hex            ##.....      11%         1    None
 Summon Butterflies       Summ           ##......     11%         1    None
 Summon Small Mammal      Summ           ##..         11%         1    None
 Sticks to Snakes         Tmut           ###.....     12%         2    None
 Call Imp                 Summ           ##......     16%         2    None
 Corpse Rot               Necr/Air       N/A          16%         2    None
 Poisonous Vapours        Pois/Air       ##....       16%         2    None
 Swiftness                Chrm/Air       ##......     16%         2    None
 Iskenderun's Battlesphe  Conj/Chrm      #####...     22%         5    ####...
 Lightning Bolt           Conj/Air       #####.....   22%         5    ####...
 Spider Form              Tmut/Pois      ##........   28%         3    None
 Tukima's Dance           Hex            ##......     30%         3    None
 Call Canine Familiar     Summ           ##......     32%         3    None
 Lesser Beckoning         Tloc           ##........   32%         3    None
 Summon Guardian Golem    Hex/Summ       ##......     32%         3    None
 Orb of Destruction       Conj           ######....   47%         7    #######
 Ice Form                 Ice/Tmut       ##......     67%         4    #......
 Airstrike                Air            ##........   71%         4    #......
 Dispel Undead            Necr           ##......     71%         4    #......
 Passage of Golubria      Tloc           N/A          71%         4    #......
 Summon Ice Beast         Ice/Summ       ##......     71%         4    #......
 Summon Lightning Spire   Summ/Air       ##......     71%         4    #......
 Blade Hands              Tmut           ###.......   91%         5    ####...
 Alistair's Intoxication  Tmut/Pois      ##......     95%         5    ####...
 Agony                    Necr           ##......     96%         5    ####...
 Excruciating Wounds      Chrm/Necr      ##........   96%         5    ####...
 Freezing Cloud           Conj/Ice/Air   ####......   96%         6    ######.
 Darkness                 Hex            ##........   100%        6    ######.
 Invisibility             Hex            ##......     100%        6    ######.
 Ring of Flames           Chrm/Fire      ####......   100%        7    #######
 Spellforged Servitor     Conj/Summ      #####.....   100%        7    #######
 Sublimation of Blood     Necr           Unusable     N/A         2    N/A
 Statue Form              Tmut/Erth      Unusable     N/A         6    N/A

Dungeon Overview and Level Annotations

Branches:
Dungeon (14/15) Temple (1/1) D:5 Lair (6/6) D:10 Swamp (4/4) Lair:4 Spider (3/4) Lair:2 Orc (2/2) D:11 Elf (0/3) Orc:2 Vaults (0/5) D:13 D:14 Ossuary (visited) Slime: Lair:5-6

Altars:
Ashenzari
Cheibriados
Dithmenos
Elyvilon
Fedhas
Gozag
Hepliaklqana
Kikubaaqudgha
Makhleb
Nemelex Xobeh
Okawaru
Qazlal
Ru
Sif Muna
Trog
Uskayaw
Vehumet
Wu Jian
Xom
Yredelemnul
Zin
The Shining One
Beogh

Shops:
D:5 =   D:12 *   Orc:2 :*[(?

Annotations:
D:3 3 runed translucent doors, gruber's ghost, amateur OpIE
D:6 exclusion: downstairs
D:8 exclusion: oklob plant
D:11 3 runed translucent doors, exclusion: downstairs, Kono's ghost, journeyman GrMo
D:13 2 transporters !azriel damnation, exclusion: 2 downstairs, diana's ghost, journeyman DsBe
D:14 Azrael
Lair:4 exclusion: oklob plant
Lair:5 exclusion: 2 oklob plants
Swamp:3 exclusion: downstairs
Spider:1 Frances
Spider:2 exclusion: upstairs


Innate Abilities, Weirdness & Mutations

You are resistant to torment.
Your stone body is resilient. (AC +12)
You are immune to poison.
Your large and strong wings let you fly indefinitely.
You resist negative energy. (rN+)
You are resistant to electric shocks. (rElec)
You can survive without breathing.
You are immune to petrification.
You are immune to rotting.


Message History

You feel much better. The spark wasp stings you!
* * * LOW HITPOINT WARNING * * *
The spark wasp shocks you. You resist.
* * * LOW HITPOINT WARNING * * *
The spark wasp stings you!
* * * LOW HITPOINT WARNING * * *
The spark wasp shocks you. You resist.
* * * LOW HITPOINT WARNING * * *
Casting: Stone Arrow (safe; 1% risk of failure)
Confirm with . or Enter, or press ? or * to list all spells.
Aiming: Iron Shot (dangerous; 5% risk of failure)
Press: ? - help, Shift-Dir - straight line, f/p - spark wasp
Aim: a spark wasp (moderately wounded)
The iron shot misses the spark wasp.
You are starving!
You block the spark wasp's attack.
You don't have the energy to cast that spell.
You eat one of the 13 rations.
That ration really hit the spot!
The spark wasp stings you!
You die...

### ####..##.... ..##
##....### ... ##..##...
##.. #######.##.....
#..###..#.#.#....#
#...###..^..#...#...
###..###.....#...#....
#........#####..#...##
##..y@....>.#.###..#..
#....^##.#....#..#.###.#
#...#. #####..#..#..#.##
###### #..#..#..#.^#
#..#^.#...##.
#...#..#...##
#...#...#..#.
###..#...## .
##^#....###


You could see a spark wasp.

Vanquished Creatures
  Rupert (D:12)
  4 thorn hunters
  Gastronok (Orc:1)
  An azure jelly (Spider:2)
  Roxanne (Swamp:1)
  A ghost moth (Spider:2)
  An orc warlord (Orc:2)
  An entropy weaver (Spider:2)
  Nessos (D:14)
  A fire dragon (Lair:6)
  24 hydras
  3 shambling mangroves
  4 ghost crabs
  A death knight (D:12)
  Erica (D:8)
  A centaur warrior (D:13)
  4 two-headed ogres
  2 tengu warriors
  21 alligators
  3 orc high priests (Orc:2)
  Urug (D:14)
  A fire crab (Lair:6)
  An unseen horror (D:12)
  3 spriggan druids
  11 swamp dragons
  4 orc knights
  A cyclops (D:11)
  2 deep elf magi
  3 ugly things
  12 wolf spiders
  9 orb spiders
  An orb spider (shapeshifter) (D:13)
  4 orc sorcerers (Orc:2)
  10 elephants
  7 black mambas
  2 gargoyles
  2 molten gargoyles (Lair:6)
  A rime drake (Lair:5)
  13 spiny frogs
  A torpor snail (Spider:1)
  An efreet (D:13)
  14 komodo dragons
  3 freezing wraiths
  A kobold demonologist (D:12)
  13 demonic crawlers
  2 tengu conjurers
  3 meliai (D:13)
  6 trolls
  7 tyrant leeches
  20 jumping spiders
  16 hornets
  4 polar bears
  A queen bee (Lair:2)
  25 blink frogs
  13 bog bodies
  A meliai zombie (D:14)
  17 slime creatures
  6 hippogriffs
  A centaur simulacrum (D:14)
  8 spriggans
  3 shadows
  31 redbacks
  20 tarantellas
  4 wraiths
  A water elemental (D:11)
  40 yaks
  3 wyverns
  A fire elemental (D:14)
  2 basilisks (Lair:6)
  15 humans
  8 vampire mosquitoes
  A hungry ghost (D:12)
  A steam dragon (Lair:6)
  3 wargs (Orc:1)
  15 swamp worms
  11 water moccasins
  10 insubstantial wisps
  4 hell hounds (Lair:6)
  12 porcupines
  21 swamp drakes
  An ice beast (D:9)
  2 sky beasts
  30 orc warriors
  A black bear (D:7)
  2 eyes of draining
  5 ogres
  16 wolves
  4 phantoms
  10 centaurs
  12 crocodiles
  20 bullfrogs
  5 elf zombies (Ossuary)
  A wyvern zombie (D:13)
  5 scorpions
  32 killer bees
  8 wights
  2 howler monkeys (D:9)
  6 electric eels (D:11)
  3 crimson imps
  3 bullfrog zombies
  5 centaur zombies
  4 human zombies (Ossuary)
  5 lava snakes (Lair:6)
  9 hounds
  A quasit (D:12)
  4 centaur skeletons
  5 bullfrog skeletons
  7 jellies
  22 orc priests
  32 orc wizards
  13 worker ants
  Ijyb (D:5)
  Natasha (thrice) (D:3)
  2 iguanas
  A hound skeleton (D:11)
  3 mummies (Ossuary)
  A worker ant zombie (D:5)
  10 adders
  8 gnolls
  A howler monkey skeleton (D:7)
  8 shadow imps
  13 oozes
  An adder zombie (D:6)
  An adder skeleton (D:5)
  3 worms
  4 dart slugs
  3 leopard geckos
  116 orcs
  A ball python (D:1)
  5 giant cockroaches
  8 goblins
  9 hobgoblins
  7 jackals
  3 quokkas
  7 bats
  5 frilled lizards
  A jackal skeleton (D:7)
  6 kobolds
  6 rats
  4 briar patches (Swamp:4)
  A fungus (Lair:2)
1051 creatures vanquished.

Vanquished Creatures (others)
  A human (D:14)
  A worker ant (D:11)
  A worker ant zombie (D:11)
  2 orcs (D:11)
  A goblin (D:3)
  14 fulminant prisms (Swamp:1)
  9 fungi
  7 plants
36 creatures vanquished.

Grand Total: 1087 creatures vanquished

Notes
Turn   | Place    | Note
-------+----------+-------------------------------------------
     0 | D:1      | nightchill the Gargoyle Earth Elementalist began the quest
                  | for the Orb.
     0 | D:1      | Reached XP level 1. HP: 10/10 MP: 3/3
   318 | D:1      | Reached skill level 4 in Earth Magic
   318 | D:1      | Reached XP level 2. HP: 14/16 MP: 5/5
   619 | D:1      | Reached skill level 1 in Fighting
  1099 | D:1      | Reached XP level 3. HP: 20/20 MP: 6/6
  1890 | D:2      | Found a hazy altar of Hepliaklqana.
  1891 | D:2      | Found a shimmering altar of Xom.
  1892 | D:2      | Noticed a spectral ugly thing
  2126 | D:2      | Found a blossoming altar of Fedhas.
  2360 | D:3      | Found a runed translucent gate.
  2360 | D:3      | Found a runed translucent gate.
  2360 | D:3      | Found a runed translucent gate.
  2360 | D:3      | Identified the +9 dagger of Ypak {pain, MR- Str+2 SInv}
  2360 | D:3      | Noticed a big kobold
  2360 | D:3      | Noticed gruber's ghost (amateur OpIE)
  2497 | D:3      | Noticed a big kobold
  2581 | D:3      | Reached XP level 4. HP: 19/25 MP: 7/7
  2582 | D:3      | Noticed Natasha
  2587 | D:3      | Killed Natasha
  2587 | D:3      | Reached skill level 5 in Earth Magic
  2667 | D:3      | Reached XP level 5. HP: 16/30 MP: 2/9
  2847 | D:3      | Noticed Natasha
  2864 | D:3      | Killed Natasha
  2876 | D:3      | Noticed Natasha
  2900 | D:3      | Killed Natasha
  3239 | D:3      | Reached skill level 6 in Earth Magic
  3343 | D:3      | Found a shadowy altar of Dithmenos.
  3654 | D:4      | Reached XP level 6. HP: 30/36 MP: 4/10
  3757 | D:4      | Found an ancient bone altar of Kikubaaqudgha.
  4490 | D:5      | Entered Level 5 of the Dungeon
  4526 | D:5      | Learned a level 3 spell: Stone Arrow
  4627 | D:5      | Noticed Ijyb
  4647 | D:5      | Killed Ijyb
  4751 | D:5      | Found a staircase to the Ecumenical Temple.
  4772 | Temple   | Entered the Ecumenical Temple
  4896 | Temple   | Became a worshipper of Warmaster Okawaru
  4940 | D:5      | Reached skill level 1 in Conjurations
  5158 | D:5      | Noticed a phantom
  5200 | D:5      | Reached XP level 7. HP: 21/41 MP: 8/12
  5357 | D:5      | Reached skill level 7 in Earth Magic
  5556 | D:5      | Found Ewymy's Jewellery Emporium.
  5867 | D:5      | Reached * piety under Okawaru
  5973 | D:6      | Found a sand-covered staircase.
  5979 | Ossuary  | Entered an ossuary
  6328 | Ossuary  | Reached XP level 8. HP: 44/48 MP: 12/14
  6409 | Ossuary  | Reached skill level 8 in Earth Magic
  6628 | Ossuary  | Reached ** piety under Okawaru
  6833 | D:6      | Learned a level 5 spell: Lee's Rapid Deconstruction
  7078 | D:6      | Found a radiant altar of Vehumet.
  7085 | D:6      | Reached skill level 5 in Conjurations
  7147 | D:6      | Found a shattered altar of Ashenzari.
  7284 | D:6      | Found an iron altar of Okawaru.
  7702 | D:6      | Reached skill level 5 in Fighting
  7759 | D:7      | Found a shimmering blue altar of Sif Muna.
  7767 | D:6      | Reached skill level 9 in Earth Magic
  7770 | D:6      | Reached XP level 9. HP: 35/54 MP: 16/16
  7957 | D:7      | Reached skill level 5 in Spellcasting
  8236 | D:7      | Reached *** piety under Okawaru
  8699 | D:7      | Got a masterwork war axe
  8700 | D:7      | Identified the +8 war axe of Anger {freeze, Dex+3} (You
                  | found it on level 7 of the Dungeon)
  8737 | D:7      | Reached skill level 10 in Earth Magic
  8896 | D:7      | Found a glowing silver altar of Zin.
  9005 | D:7      | Found a stormy altar of Qazlal.
  9184 | D:8      | Reached skill level 1 in Invocations
  9492 | D:8      | Noticed Erica
  9504 | D:8      | Killed Erica
  9504 | D:8      | Reached **** piety under Okawaru
  9504 | D:8      | Reached XP level 10. HP: 61/61 MP: 10/18
 10154 | D:8      | Found a stormy altar of Qazlal.
 10154 | D:8      | Noticed an oklob plant
 11555 | D:9      | Reached skill level 5 in Invocations
 11764 | D:10     | Entered Level 10 of the Dungeon
 11916 | D:10     | Reached skill level 11 in Earth Magic
 11926 | D:10     | Reached ***** piety under Okawaru
 12067 | D:10     | Noticed a white ugly thing
 12104 | D:10     | Killed a green ugly thing
 12210 | D:10     | Reached XP level 11. HP: 67/67 MP: 20/20
 12783 | D:10     | Noticed a deep elf mage
 12793 | D:10     | Killed a deep elf mage
 12793 | D:10     | Received a gift from Okawaru
 13048 | D:10     | Found a staircase to the Lair.
 13058 | Lair:1   | Entered Level 1 of the Lair of Beasts
 14214 | Lair:1   | Upgraded the game from 0.25-b1-41-g19641232cd to
                  | 0.25-b1-46-gb8a1ec05df
 14256 | D:10     | Reached skill level 1 in Short Blades
 14372 | D:10     | Learned a level 4 spell: Petrify
 14429 | Lair:1   | Received a gift from Okawaru
 15320 | Lair:2   | Reached skill level 12 in Earth Magic
 15320 | Lair:2   | Reached XP level 12. HP: 71/75 MP: 23/23
 15576 | Lair:2   | Found a hole to the Spider Nest.
 16740 | Lair:3   | Reached skill level 10 in Conjurations
 17082 | Lair:3   | Received a gift from Okawaru
 17187 | Lair:3   | Reached skill level 5 in Short Blades
 19143 | Lair:3   | Reached XP level 13. HP: 41/82 MP: 22/25
 19263 | Lair:4   | Reached skill level 10 in Fighting
 19457 | Lair:4   | Found a staircase to the Swamp.
 19511 | Lair:4   | Reached skill level 13 in Earth Magic
 20521 | Lair:5   | Reached ****** piety under Okawaru
 20778 | Lair:5   | Received a gift from Okawaru
 21537 | Lair:6   | Entered Level 6 of the Lair of Beasts
 21914 | Lair:6   | Reached skill level 1 in Shields
 23052 | Lair:6   | Received a gift from Okawaru
 23351 | Lair:6   | Gained mutation: Your large and strong wings let you fly
                  | indefinitely. [Gargoyle growth]
 23351 | Lair:6   | Reached XP level 14. HP: 85/90 MP: 26/27
 23433 | Lair:6   | Found a large runed translucent door.
 23433 | Lair:6   | Found a large runed translucent door.
 23755 | Lair:6   | Received a gift from Okawaru
 24574 | D:11     | Found a runed translucent gate.
 24729 | D:11     | Found a runed translucent gate.
 25179 | D:11     | Found a staircase to the Orcish Mines.
 25330 | Orc:1    | Entered Level 1 of the Orcish Mines
 25412 | Orc:1    | Reached skill level 14 in Earth Magic
 25493 | Orc:1    | Noticed Gastronok
 25531 | Orc:1    | Killed Gastronok
 25594 | Orc:1    | Learned a level 3 spell: Inner Flame
 25826 | Orc:2    | Entered Level 2 of the Orcish Mines
 26081 | Orc:2    | Found a staircase to the Elven Halls.
 26097 | Orc:2    | Found Karchi's Magic Scroll Shoppe.
 26163 | Orc:2    | Reached skill level 1 in Fire Magic
 26284 | Orc:2    | Reached skill level 10 in Spellcasting
 26580 | Orc:2    | Found a roughly hewn altar of Beogh.
 26831 | Orc:2    | Received a gift from Okawaru
 26831 | Orc:2    | Paralysed by an orc sorcerer for 4 turns
 26900 | Orc:2    | Paralysed by an orc sorcerer for 4 turns
 27629 | Orc:2    | Reached skill level 10 in Short Blades
 28017 | Orc:2    | Noticed an orc warlord
 28052 | Orc:2    | Killed an orc warlord
 28180 | Orc:2    | Found Kiajoh's General Store.
 28181 | Orc:2    | Found Kixan's Book Shop.
 28183 | Orc:2    | Found Dohaif's Antique Armour Shop.
 28183 | Orc:2    | Found Eceikywn's Antique Weapon Boutique.
 28457 | D:5      | Bought an uncursed ring of protection from magic for 325
                  | gold pieces
 28882 | D:11     | Noticed Kono's ghost (journeyman GrMo)
 28897 | D:11     | Found a runed translucent gate.
 29415 | D:11     | Reached skill level 1 in Armour
 30036 | D:12     | Received a gift from Okawaru
 30511 | D:12     | Noticed Rupert
 30519 | D:12     | Killed Rupert
 30519 | D:12     | Reached skill level 5 in Fire Magic
 30527 | D:12     | Reached XP level 15. HP: 96/96 MP: 29/29
 30965 | D:12     | Found Cufargh's Elemental Accessories.
 31525 | D:12     | Identified a scroll of acquirement
 31897 | D:13     | Found a transporter.
 31897 | D:13     | Noticed diana's ghost (journeyman DsBe)
 32313 | D:12     | Reached skill level 1 in Long Blades
 33269 | D:13     | Found a transporter.
 33639 | D:14     | Found a gate to the Vaults.
 33639 | D:14     | Noticed Urug
 33639 | D:14     | Noticed Nessos
 34015 | D:13     | Learned a level 3 spell: Dazzling Flash
 34698 | D:14     | Killed Nessos
 34717 | D:14     | Killed Urug
 35206 | D:14     | Noticed Azrael
 35652 | Swamp:1  | Entered Level 1 of the Swamp
 35761 | Swamp:1  | Reached skill level 5 in Armour
 36602 | Swamp:1  | Received a gift from Okawaru
 36603 | Swamp:1  | Found the +4 moon troll leather armour {Spirit, Regen++
                  | MP+5}
 36943 | Swamp:1  | Noticed a thorn hunter
 36952 | Swamp:1  | Killed a thorn hunter
 37489 | Swamp:1  | Identified Roxanne's Incunabulum of Shape Shifting
 37489 | Swamp:1  | Noticed Roxanne
 37792 | Swamp:1  | Learned a level 4 spell: Fulminant Prism
 37972 | Swamp:1  | Killed Roxanne
 38505 | Swamp:2  | Reached XP level 16. HP: 98/103 MP: 31/31
 39877 | Swamp:2  | Reached skill level 5 in Long Blades
 41629 | Swamp:3  | Received a gift from Okawaru
 43514 | Swamp:3  | Received a gift from Okawaru
 43515 | Swamp:3  | Noticed a thorn hunter
 43619 | Swamp:3  | Learned a level 6 spell: Iron Shot
 43626 | Swamp:3  | Learned a level 5 spell: Bolt of Magma
 43644 | Swamp:3  | Killed a thorn hunter
 43796 | Swamp:4  | Entered Level 4 of the Swamp
 44059 | Swamp:4  | Received a gift from Okawaru
 45453 | Swamp:4  | Noticed a thorn hunter
 46472 | Swamp:3  | Killed a thorn hunter
 46505 | Swamp:3  | Received a gift from Okawaru
 46794 | Swamp:3  | Reached XP level 17. HP: 92/110 MP: 32/32
 47160 | Swamp:4  | Got a blackened falchion
 47689 | Swamp:4  | Got a decaying rune of Zot
 48152 | Swamp:4  | Reached skill level 15 in Earth Magic
 49418 | Spider:1 | Entered Level 1 of the Spider Nest
 49563 | Lair:2   | Identified the +4 falchion of Indomitability {vorpal, rElec
                  | rPois rC- SInv} (You found it on level 4 of the Swamp)
 49736 | Spider:1 | Received a gift from Okawaru
 52318 | Spider:2 | Noticed Frances
 55407 | Spider:2 | Reached skill level 5 in Shields
 56136 | Spider:3 | HP: 5/112 [spark wasp (17)]
 56136 | Spider:3 | HP: 1/112 [spark wasp (4)]
 56138 | Spider:3 | Mangled by a spark wasp

Illustrated notes

Levels and vault maps discovered:
D:1:      dpeg_arrival_round_a, layout_loops_ring, minmay_cut_off
D:2:      layout_rooms, regret_index_temple_of_mockery, fedhas_altar_fruit_tree
D:3:      layout_rooms, grunt_dithmenos_smoke, gammafunk_ghost_nasty_kobolds,
          lemuel_flame_loot_1, uniq_natasha
D:4:      wad_lake_hut, layout_loops_ring, nicolae_overflow_hidden_temple,
          first_ration, kennysheep_generic_room_13
D:5:      layout_rooms, temple_statues, serial_shops, shop, minmay_crossroads,
          uniq_ijyb
D:6:      layout_basic, grunt_temple_overflow_open, enter_ossuary_5,
          okawaru_altar_gauntlet_db
D:7:      layout_rooms, overflow_temple_1_default, zin_statuary,
          nicolae_qazlal_style_of_elements
D:8:      layout_cave_pods, lemuel_oklob_altar, uniq_erica
D:9:      layout_irregular_city
D:10:     layout_roguey, lair_entry_dummy
D:11:     layout_basic, hiddenorc2_lemuel, maelrawn_ghost_gauntlet_escape,
          grunt_pizzeria
D:12:     layout_layer_cave, nicolae_elemental_shop, uniq_rupert
D:13:     layout_loops_ring, gammafunk_ghost_stat_death
D:14:     layout_basic, david_vaults_3, nrook_mini_vaults, uniq_azrael
Temple:   dshaligram_water_room_temple
Lair:1:   lemuel_slime, layout_regular_city, st_stairs_11, beast_lair_carwin_3,
          grunt_megastairs_1, lemuel_fruit_fields
Lair:2:   layout_cave_pods, nicolae_spider_entry_tight_spaces, special_room
          [special_room_bee], grunt_forest_small_clearing_treed
Lair:3:   layout_long_grid, infiniplex_staircase_pool
Lair:4:   layout_cellular_growth, skrybe_swamp_entry_bodies, st_stairs_4,
          fungi_pond_lemuel, minmay_lair_oklob_chamber, grunt_megastairs_3
Lair:5:   layout_hall_layers, minmay_slime_entry_oklob_enclosed,
          grunt_megastairs_4
Lair:6:   cheibrodos_lair_end_hotspot, layout_regular_city,
          cheibrodos_lair_lostbears
Swamp:1:  layout_basic_swamp, nicolae_swamp_dense_foliage, uniq_roxanne
Swamp:2:  layout_basic_swamp, evilmike_swamp_ruin_house_2
Swamp:3:  layout_basic_swamp, evilmike_swamp_ruin_house_3, swamp_pool1,
          kb_tengu_band
Swamp:4:  swamp, layout_basic_swamp, swamp_pool5, hangedman_swamp_lotus,
          hangedman_swamp_pad, infiniplex_staircase_pool_2
Spider:1: layout_spider_delve
Spider:2: layout_spider_delve, portal_ice_cave_entry_frozen_things, drop_trap,
          nicolae_spider_cling_halls, uniq_frances
Spider:3: layout_spider_delve, nicolae_spider_circle_web
Orc:1:    layout_diamond_mine, uniq_gastronok
Orc:2:    st_orc_congregation, layout_caves, basic_altar, serial_shops,
          nicolae_shop_trees

Skill      XL: |  1  2  3  4  5  6  7  8  9 10 11 12 13 14 15 16 17 |
---------------+----------------------------------------------------+-----
Earth Magic    | 4 5 6 7 9 10 11 12 13 14 15 | 15.4
Fighting       | 1 2 3 4 5 6 7 8 9 11 12 13 14 | 14.3
Spellcasting   | 3 4 5 6 7 8 9 10 11 12 | 12.4
Conjurations   | 1 3 5 7 8 9 10 11 12 | 12.4
Invocations    | 3 6 8 |  8.0
Short Blades   | 2 6 8 10 | 10.0
Shields        | 3 4 5 |  5.0
Fire Magic     | 5 7 |  7.0
Armour         | 2 5 6 7 |  7.6
Long Blades    | 4 6 8 |  8.5
Dodging        | 2 3 |  3.5
Stealth        | |  2.1
Transmutations | |  0.7

Action                   |  1- 3 |  4- 6 |  7- 9 | 10-12 | 13-15 | 16-18 || total
-------------------------+-------+-------+-------+-------+-------+-------++-------
Melee: Unarmed           |    17 |       |       |       |       |       ||    17
       Dagger            |    79 |    97 |   397 |   577 |  1788 |   708 ||  3646
       Short sword       |    67 |       |       |       |       |       ||    67
       Punch             |       |       |     1 |     3 |     2 |       ||     6
       Demon blade       |       |       |       |       |    38 |   473 ||   511
       Quick blade       |       |       |       |       |       |    33 ||    33
       Falchion          |       |       |       |       |       |     8 ||     8
Throw: Javelin           |       |       |       |       |     3 |       ||     3
 Cast: Sandblast         |    22 |    43 |    28 |     9 |     1 |       ||   103
       Stone Arrow       |       |       |    28 |   151 |   329 |   235 ||   743
       Lee's Rapid Decon |       |       |     7 |    50 |    52 |    43 ||   152
       Petrify           |       |       |       |     5 |    79 |    57 ||   141
       Fulminant Prism   |       |       |       |       |    14 |       ||    14
       Inner Flame       |       |       |       |       |    11 |       ||    11
       Dazzling Flash    |       |       |       |       |     6 |     4 ||    10
       Bolt of Magma     |       |       |       |       |       |    41 ||    41
       Iron Shot         |       |       |       |       |       |    19 ||    19
Invok: Heroism           |       |       |     6 |     6 |    26 |    23 ||    61
       Finesse           |       |       |       |       |     2 |       ||     2
 Abil: Fly               |       |       |       |       |     2 |       ||     2
       Stop Flying       |       |       |       |       |     1 |       ||     1
Evoke: Wand              |       |       |       |       |       |     2 ||     2
  Use: Potion            |       |     1 |       |       |     2 |     6 ||     9
       Scroll            |       |       |     9 |    16 |     7 |     9 ||    41
 Stab: Sleeping          |     4 |     1 |       |     2 |     1 |       ||     8
       Petrified         |       |       |       |       |    91 |    72 ||   163
       Petrifying        |       |       |       |       |     6 |     9 ||    15
       Distracted        |       |       |       |       |     1 |     1 ||     2
       Invisible         |       |       |       |       |     5 |     2 ||     7
       Confused          |       |       |       |       |       |     3 ||     3
  Eat: Chunk             |     6 |     5 |     5 |    37 |    58 |    16 ||   127
       Ration            |       |     1 |     4 |     3 |     6 |    18 ||    32
Armor: Robe              |    70 |    32 |   170 |    53 |   223 |   501 ||  1049
       Troll leather arm |       |       |       |   300 |   502 |       ||   802
       Swamp dragon scal |       |       |       |       |       |   517 ||   517
Dodge: Dodged            |   117 |    64 |   226 |   538 |  1019 |  1179 ||  3143
       Repelled          |       |       |       |       |    24 |    15 ||    39
Block: Buckler           |       |       |       |       |   196 |   361 ||   557
       Rpst.: Demon blade |       |       |       |       |     2 |   111 ||   113
       Falchion          |       |       |       |       |       |     1 ||     1
